AoeStats
← Unknown

Nomad

506301212Analyzed
2v2 RM · 20d ago on Sep 13, 2026· 29m 26s· 4 players
Game mode
Random Map
Map size
176×176
Population
200
Speed
Normal
Resources
Standard
Victory
Conquest
Starting age
Dark Age
Ending age
Imperial Age
RankedLock teamsTeams togetherTeam positionsShared explorationLock speedFull tech treeHidden civsTurbo modeCheats
Victory
Defeat
🇲🇽 Persians · Mexico
1219
+14
🇳🇿 Dravidians · New Zealand
1181
+14
🇵🇪 Huns · Peru
1190
-15
🇨🇱 Dravidians · Chile
1138
-13
FinRahZel
2:59 Loom
13:47 Feudal Age
17:59 Castle Age
16:05 Stone Mining
16:17 Town Watch
22:27 Fletching
22:53 Double-Bit Axe
23:38 Medium Warships
23:53 Bodkin Arrow
24:30 Bow Saw
26:24 Scale Mail Armor
26:34 Forging
29:24 Scale Barding Armor
[CL]TrunicC
12:37 Feudal Age
13:23 Double-Bit Axe
14:28 Loom
17:23 Castle Age
16:06 Gold Mining
16:48 Stone Mining
16:58 Fletching
18:21 Wheelbarrow
18:21 Bow Saw
18:44 Bodkin Arrow
20:17 Fishing Lines
21:36 Forging
22:19 Scale Barding Armor
23:09 Bloodlines
26:56 Iron Casting
29:23 Imperial Age
27:44 Chain Barding Armor
29:09 Capped Ram
Unknown
4:14 Loom
14:26 Feudal Age
18:07 Castle Age
18:16 Scale Barding Armor
18:21 Forging
23:00 Horse Collar
23:41 Heavy Plow
nefelibata
4:42 Loom
5:18 Loom
16:23 Feudal Age
16:59 Double-Bit Axe
17:19 Gold Mining
25:55 Castle Age
23:49 Stone Mining
25:21 Man-at-Arms
27:53 Wheelbarrow
Connection lost

Rejoining the realm…

Still unreachable

The connection could not be restored.

Session expired

The server has moved on; the page needs a fresh start.